 Dungeon Crawl Stone Soup version 0.30-a0-1123-gabc949cf19 (webtiles) character file.

Game seed: 7097675476640226151

3 themarg the Trooper (level 1, 0/18 HPs)
             Began as a Demonspawn Cinder Acolyte on Apr 22, 2023.
             Was a High Priest of Ignis.
             Killed from afar by a dart slug (6 damage)
             ... with a slug dart
             ... on level 1 of the Dungeon.
             The game lasted 00:00:31 (228 turns).

themarg the Trooper (Demonspawn Cinder Acolyte)      Turns: 228, Time: 00:00:32

Health: 0/18       AC:  2    Str: 14    XL:     1   Next: 41%
Magic:  2/2        EV: 11    Int: 15    God:    Ignis [*****.]
Gold:   25         SH:  0    Dex:  8    Spells: 2/2 levels left

rFire   + . .        a - -1 hand axe (flame)
rCold   . . .        (no shield)
rNeg    . . .        b - +0 robe
rPois   .            (no helmet)
rElec   .            (no cloak)
rCorr   .            (no gloves)
SInv    .            (no boots)
Will    .....        (no amulet)
Stlth   +            (no ring)
HPRegen 0.23/turn    (no ring)
MPRegen 0.08/turn

%: no passive effects
@: no status effects
A: no striking features
a: Renounce Religion, Fiery Armour, Foxfire Swarm, Rising Flame


You were on level 1 of the Dungeon.
You worshipped Ignis.
Ignis was extremely pleased with you.
You visited 1 branch of the dungeon, and saw 1 of its levels.

You collected 25 gold pieces.

Inventory:

Hand Weapons
 a - a -1 hand axe of flaming (weapon)
Missiles
 e - 5 stones (quivered)
Armour
 b - a +0 robe (worn)
Scrolls
 c - a scroll of fog {unknown}
 d - a scroll of silence {unknown}


   Skills:
 - Level 3.0 Fighting
 - Level 2.6 Axes
 + Level 0.3 Stealth
 + Level 1.1 Spellcasting
 + Level 2.7 Fire Magic


You had 2 spell levels left.
You didn't know any spells.
Your spell library contained the following spells:

 Spells                   Type           Power      Damage    Failure   Level
 Scorch                   Fire           18%        2d6       12%         2


Dungeon Overview and Level Annotations

Branches:
Dungeon (1/15)

Altars:


Message History

The ball python bites you but does no damage.
The ball python constricts you.
You closely miss the ball python. The ball python bites you.
The ball python constricts you.
You hit the ball python. You burn the ball python.
You kill the ball python!
You see here a ball python corpse.
There is a stone staircase leading down here.
e - 5 stones You now have 25 gold pieces (gained 9).
A bat and a dart slug come into view.
The bat barely misses you.
You closely miss the bat. The bat hits you but does no damage.
The dart slug launches a dart at you. The slug dart hits you.
You closely miss the bat. The bat barely misses you.
Found a black potion.
The bat closely misses you.
You hit the bat but do no damage. The bat closely misses you.
The dart slug launches a dart at you. The slug dart hits you.
You miss the bat. The bat hits you. The bat attacks as you move away!
The bat barely misses you. The bat misses you.
The dart slug launches a dart at you. The slug dart hits you.
You hit the dart slug. You burn the dart slug.
The dart slug is moderately wounded.
The bat closely misses you.
You hit the dart slug but do no damage.
The dart slug is moderately wounded.
The bat hits you but does no damage. The dart slug bites you.
You hit the dart slug. You burn the dart slug.
The dart slug is severely wounded.
The bat hits you but does no damage. The bat hits you. The dart slug bites you.
You hit the dart slug but do no damage.
The dart slug is severely wounded.
The bat hits you but does no damage. The dart slug launches a dart at you.
The slug dart hits you.
You die...

.......## .#######.# ###
#.......#. ....
####.########### .....
...#............
.....#####.#######'#####
.!.............# #.#
...............###'##
......w@.b........†.#
.......!.......#....###.
.....###.##...>.........
.... ###.##..#....######
... #.......#.#...... ..
#.......#.#.#.### .
#.......#.#.#.#
#.....#.#.#....
#.....#.#.#.....


You could see a dart slug and a bat.

Vanquished Creatures
  An endoplasm (D:1)
  A ball python (D:1)
  A frilled lizard (D:1)
  A rat (D:1)
4 creatures vanquished.

Notes
Turn   | Place    | Note
-------+----------+-------------------------------------------
     0 | D:1      | themarg the Demonspawn Cinder Acolyte began the quest for
                  | the Orb.
     0 | D:1      | Reached XP level 1. HP: 18/18 MP: 2/2
   228 | D:1      | Killed from afar by a dart slug

Illustrated notes

Levels and vault maps discovered:
D:1:      matt_arrival_los_fun, layout_basic

Action                     || total
---------------------------++-------
  Melee: Hand axe          ||    27
 Armour: Robe              ||     9
  Dodge: Dodged            ||    15

Table legend: (Time is in decaauts)
 A = Elapsed time spent in this place.
 B = Non-inter-level travel time spent in this place.
 C = Inter-level travel time spent in this place.
 D = Time resting spent in this place.
 E = Time spent auto-exploring this place.
 F = Levels seen in this place.
 G = Mean time per level.
                   A        B        C        D        E       F      G
               +--------+--------+--------+--------+--------+-----+--------+
         Total |    233 |    233 |      0 |      0 |    185 |   1 |  233.0 |
       Dungeon |    233 |    233 |      0 |      0 |    185 |   1 |  233.0 |
               +--------+--------+--------+--------+--------+-----+--------+

Top non-repeatable levels by time:
     D:1: 233 daAuts
